AoeStats
← Afu

Arabia

509296708Analyzed
1v1 RM · 6d ago on Sep 26, 2026· 53m 0s· 2 players
Game mode
Random Map
Map size
Tiny (2 player)
Population
200
Speed
Normal
Resources
Standard
Victory
Conquest
Starting age
Dark Age
Ending age
Imperial Age
RankedLock teamsTeams togetherTeam positionsShared explorationLock speedFull tech treeHidden civsTurbo modeCheats
Victory
Defeat
🇹🇼 Wei · Taiwan
928
+37
🇨🇱 Wei · Chile
949
-49
Afu
7:48 Loom
10:44 Feudal Age
11:11 Double-Bit Axe
11:07 Horse Collar
19:14 Castle Age
18:27 Scale Barding Armor
18:34 Forging
19:14 Scale Mail Armor
20:09 Bow Saw
20:01 Heavy Plow
20:13 Pikeman
21:30 Gold Mining
22:36 Squires
24:12 Gold Shaft Mining
24:39 Bloodlines
28:15 Iron Casting
29:29 Wheelbarrow
29:27 Chain Barding Armor
30:50 Elite Skirmisher
31:23 Fletching
31:34 Padded Archer Armor
31:39 Town Watch
32:11 Hand Cart
33:11 Bodkin Arrow
34:43 Stone Mining
35:44 Husbandry
36:59 Leather Archer Armor
36:59 Chain Mail Armor
37:14 Ballistics
40:13 Stone Shaft Mining
45:38 Imperial Age
46:24 Bracer
46:55 Ring Archer Armor
47:25 Blast Furnace
47:28 Chemistry
46:04 Heavy Hei Guang Cavalry
47:11 Parthian Tactics
46:52 Thumb Ring
47:18 Ming Guang Armor
48:04 Crop Rotation
47:11 Halberdier
50:25 Conscription
50:36 Conscription
51:48 Treadmill Crane
52:18 Masonry
52:04 Murder Holes
AiM | Lemon
10:34 Feudal Age
12:36 Horse Collar
12:42 Double-Bit Axe
15:56 Bloodlines
18:00 Gold Mining
24:05 Castle Age
22:36 Fletching
22:47 Padded Archer Armor
25:47 Loom
27:40 Bodkin Arrow
28:01 Husbandry
31:05 Pikeman
31:45 Squires
36:13 Light Cavalry
38:50 Bow Saw
40:05 Heavy Plow
42:40 Imperial Age
40:08 Stone Mining
40:53 Gold Shaft Mining
40:31 Forging
40:21 Scale Mail Armor
40:26 Scale Barding Armor
40:37 Leather Archer Armor
42:10 Wheelbarrow
42:58 Iron Casting
42:38 Chain Mail Armor
44:13 Parthian Tactics
44:22 Ring Archer Armor
43:52 Bracer
44:28 Ring Archer Armor
44:56 Stone Shaft Mining
43:59 Halberdier
45:08 Tuntian
47:46 Conscription
53:49 Hand Cart
Connection lost

Rejoining the realm…

Still unreachable

The connection could not be restored.

Session expired

The server has moved on; the page needs a fresh start.